 Dungeon Crawl Stone Soup version 0.22.1-6-g1668fe2c40 (webtiles) character file.

91 Acheron the Skirmisher (level 4, 0/29 HPs)
             Began as a Gargoyle Monk on Jan 25, 2019.
             Slain by an orc (1 damage)
             ... on level 3 of the Dungeon.
             The game lasted 00:11:28 (2033 turns).

Acheron the Skirmisher (Gargoyle Monk)              Turns: 2033, Time: 00:11:28

Health: 0/29       AC:  6    Str: 18 (19) XL:     4   Next: 59%
Magic:  5/5        EV: 12    Int: 10 (12) God:
Gold:   123        SH:  0    Dex:  9 (12) Spells: 4/4 levels left

rFire    . . .     SeeInvis .   n - +0 dagger (speed)
rCold    . . .     Gourm    .   (no shield)
rNeg     + . .     Faith    .   b - +0 robe
rPois    ∞         Spirit   .   k - +0 helmet
rElec    +         Reflect  .   (no cloak)
rCorr    .         Harm     .   (no gloves)
MR       .....                  (no boots)
Stlth    +.........             (no amulet)
HPRegen  0.09/turn              (no ring)
MPRegen  0.09/turn              (no ring)

@: confused, mighty
A: negative energy resistance 1, electricity resistance, unbreathing,
petrification resistance, rot immunity, AC +3
a: no special abilities


You were on level 3 of the Dungeon.
You were not hungry.

You visited 1 branch of the dungeon, and saw 3 of its levels.

You collected 123 gold pieces.

Inventory:

Hand Weapons
 a - a +0 short sword
 c - a +0 trident
   (You took it off an orc on level 3 of the Dungeon)
 n - a +0 dagger of speed (weapon)
   (You found it on level 1 of the Dungeon)
Missiles
 d - 71 stones
 g - 43 arrows
 q - 5 javelins (quivered)
Armour
 b - a +0 robe (worn)
 j - a +2 hat
   (You found it on level 1 of the Dungeon)
 k - a +0 helmet (worn)
   (You found it on level 3 of the Dungeon)
 m - a +0 ring mail
   (You found it on level 1 of the Dungeon)
Scrolls
 i - a scroll of identify {@r1}
Comestibles
 e - 9 rations {!d}


   Skills:
 + Level 3.8 Fighting
 + Level 3.0 Short Blades
 + Level 0.0 Throwing
 + Level 1.3 Armour
 + Level 2.8 Dodging
 * Level 3.5 Stealth
 + Level 0.8 Spellcasting


You had 4 spell levels left.
You didn't know any spells.
Your spell library was empty.

Dungeon Overview and Level Annotations

Branches:
Dungeon (3/15)

Altars:
Dithmenos
Ru


Innate Abilities, Weirdness & Mutations

You are resistant to torment.
Your stone body is resilient. (AC +3)
You are immune to poison.
You resist negative energy. (rN+)
You are resistant to electric shocks. (rElec)
You can survive without breathing.
You are immune to petrification.
You are immune to rotting.


Message History

The orc misses you.
You hear some strange, mumbled words.
Something tries to affect you, but you resist.
The kobold hits you but does no damage.
It was a potion of heal wounds.
You feel much better. The orc misses you.
You hear some strange, mumbled words.
You are confused.
The kobold hits you but does no damage.
It was a potion of might.
You feel very mighty all of a sudden. The orc closely misses you.
Something barely misses you. The kobold closely misses you.
You bump into the rock wall.
The orc hits you but does no damage. Something hits you.
The kobold hits you with a club.
You bump into the rock wall.
The orc hits you but does no damage.
You hear some strange, mumbled words.
You are more confused.
A frilled lizard comes into view.
The kobold completely misses you.
You're too confused to move!
The frilled lizard hisses angrily.
The orc completely misses you. Something hits you but does no damage.
You closely miss something. The kobold closely misses you. The orc hits you.
You hear some strange, mumbled words.
A magic dart appears from out of thin air!
The magic dart hits you!
* * * LOW HITPOINT WARNING * * *
You closely miss the orc. You barely miss the orc.
The kobold hits you with a club.
* * * LOW HITPOINT WARNING * * *
The orc misses you. Something hits you but does no damage.
You completely miss something. The frilled lizard closely misses you.
The orc hits you but does no damage.
Unknown command.
You bump into the rock wall.
The kobold barely misses you. Something hits you but does no damage.
The frilled lizard barely misses you. The orc hits you.
* * * LOW HITPOINT WARNING * * *
You miss something.
You hear some strange, mumbled words.
A magic dart appears from out of thin air!
The magic dart hits you!
* * * LOW HITPOINT WARNING * * *
The kobold barely misses you.
You closely miss the orc. The frilled lizard barely misses you.
The orc hits you.
You die...

****,**,*####*####............#.#
,,**,**,,....#####......####..#..
*,,,,,,,####.....>.........#..###
****,**,#...............##.#..#**
,,,,,**,*.##..#.##......##.#...,,
*******,#.##.,#......##.......###
*,......####.######......*
***.##...†o{.# #..###.*
#..(...l@K.# #..#**,*
####.#####.#** #.#.**,* #,*
*,...!* *,,,**,* *,* *,....#
*,*,**,* *,* *,K..># *,,,,,,*
****,***...o.# ****,***
*,,,,,,,,,...# *,*
**,**,**,****** *,* **,,,,,**,*
*,*


You could see an orc, a kobold and a frilled lizard.

Vanquished Creatures
  3 adders (D:2)
  An ooze (D:1)
  2 dart slugs (D:1)
  2 leopard geckos (D:2)
  2 orcs (D:3)
  2 ball pythons
  3 giant cockroaches
  5 hobgoblins
  7 kobolds
  9 bats
  4 frilled lizards
  5 goblins
  9 rats
54 creatures vanquished.

Notes
Turn   | Place    | Note
-------+----------+-------------------------------------------
     0 | D:1      | Acheron the Gargoyle Monk began the quest for the Orb.
     0 | D:1      | Reached XP level 1. HP: 14/14 MP: 1/1
   218 | D:1      | Reached XP level 2. HP: 19/19 MP: 2/2
   564 | D:1      | Reached XP level 3. HP: 23/23 MP: 3/3
   603 | D:1      | Reached skill level 1 in Armour
   991 | D:2      | Reached XP level 4. HP: 18/29 MP: 3/5
  1932 | D:3      | Found a sacrificial altar of Ru.
  1945 | D:3      | Found a shadowy altar of Dithmenos.
  2032 | D:3      | HP: 1/29 [something/magic dart (7)]
  2033 | D:3      | Slain by an orc

Skill      XL: |  1  2  3  4 |
---------------+-------------+-----
Armour         | 1 |  1.3
Stealth        | 3 |  3.5
Short Blades   | 3 |  3.0
Fighting       | |  3.8
Dodging        | |  2.8
Spellcasting   | |  0.8

Action                   |  1- 3 |  4- 6 || total
-------------------------+-------+-------++-------
Melee: Short sword       |   125 |    83 ||   208
       Dagger            |       |    13 ||    13
  Use: Scroll            |       |     7 ||     7
       Potion            |       |     3 ||     3
 Stab: Sleeping          |     4 |     1 ||     5
  Eat: Chunk             |       |     4 ||     4
Armor: Robe              |    45 |    49 ||    94
Dodge: Dodged            |    91 |    70 ||   161
